MLB
LOS ANGELES ANGELS @ BOSTON RED SOX
05/10/2039
 
TOP OF THE 1ST
Los Angeles Angels batting - Pitching for Boston Red Sox : RHP Jong-in Choi
Pitching: RHP Jong-in Choi
Batting: RHB Drew Bianco 0-0: Ball
1-0: Ball
2-0: Foul Ball, location: 3FF
2-1: Swinging Strike
2-2: Ball
3-2: Ground out 6-3 (Groundball, 6, EV 82.5 MPH)
Batting: LHB Juan Viveros 0-0: Ball
1-0: Foul Ball, location: 7LDF
1-1: Foul Ball, location: 2LF
1-2: Foul Ball, location: 7LDF
1-2: Ball
2-2: Ball
3-2: Base on Balls
Batting: RHB Rodolfo Delgadillo 0-0: Called Strike
0-1: Ball
1-1: DOUBLE (Line Drive, 89XD, EV 105.6 MPH)
Juan Viveros to third
Runner from 3rd tries for Home, SAFE, throw by RF to trailing runner, SAFE at third!
Batting: SHB Rich Magana 0-0: Ball
1-0: Ball
2-0: Called Strike
2-1: Ball
3-1: Base on Balls
Batting: LHB Rod Nelms 0-0: Ball
1-0: Called Strike
1-1: Called Strike
1-2: Foul Ball, location: 5SF
1-2: Foul Ball, location: 7LMF
1-2: Ball
2-2: Foul Ball, location: 2F
2-2: Foul Ball, location: 7LMF
2-2: Strikes out swinging
Batting: RHB Don Battist 0-0: Called Strike
0-1: Ball
1-1: Foul Ball, location: 5FF
1-2: Foul Ball, location: 2F
1-2: Ball
2-2: Foul Ball, location: 3F
2-2: SINGLE (Line Drive, 56, EV 105.0 MPH)
Rodolfo Delgadillo scores
Rich Magana to second
Batting: LHB Josh Johnson 0-0: Called Strike
0-1: Ball
1-1: Fly out, F4 (Line Drive, 34, EV 72.5 MPH)
Top of the 1st over - 2 runs, 2 hits, 0 errors, 2 left on base; Los Angeles 2 - Boston 0
BOTTOM OF THE 1ST
Boston Red Sox batting - Pitching for Los Angeles Angels : RHP Andy Schreck
Pitching: RHP Andy Schreck
Batting: LHB Marcelo Mayer 0-0: Ball
1-0: Ball
2-0: Called Strike
2-1: Swinging Strike
2-2: Foul Ball, location: 7LMF
2-2: DOUBLE (Line Drive, 89D, EV 105.6 MPH)
Batting: LHB Brendan Stogner 0-0: Called Strike
0-1: Ball
1-1: Ball
2-1: Called Strike
2-2: Ball
3-2: Foul Ball, location: 9LMF
3-2: Ground out 6-3 (Groundball, 6M, EV 88.1 MPH)
Marcelo Mayer to third
Batting: RHB Ronald Acuna Jr. 0-0: Ball
1-0: Called Strike
1-1: Swinging Strike
1-2: Foul Ball, location: 3SF
1-2: SINGLE (Groundball, 4MD, EV 101.9 MPH) (infield hit)
Marcelo Mayer scores
Batting: RHB Phil Lafnear 0-0: Ball
1-0: Ball
2-0: Called Strike
2-1: Called Strike
2-2: Foul Ball, location: 2F
2-2: Foul Ball, location: 5F
2-2: Ball
3-2: Foul Ball, location: 2RF
3-2: Fly out, F8 (Line Drive, 8RM, EV 80.0 MPH)
Batting: LHB Tim Long 0-0: Swinging Strike
0-1: Ball
Wild Pitch!
Ronald Acuna Jr. to second
1-1: Ball
2-1: Ball
3-1: SINGLE (Groundball, 4S, EV 61.3 MPH) (infield hit)
Ronald Acuna Jr. to third
Batting: RHB Juan Burruel 0-0: Ball
1-0: Called Strike
1-1: Foul Ball, location: 25F
1-2: Strikes out swinging
Bottom of the 1st over - 1 run, 3 hits, 0 errors, 2 left on base; Los Angeles 2 - Boston 1
TOP OF THE 2ND
Los Angeles Angels batting - Pitching for Boston Red Sox : RHP Jong-in Choi
Batting: RHB Jimmy Harden 0-0: Fly out, F7 (Line Drive, 7S, EV 95.6 MPH)
Batting: RHB Chris Shell 0-0: Ball
1-0: Ball
2-0: SINGLE (Groundball, 56S, EV 66.3 MPH) (infield hit)
Batting: RHB Drew Bianco 0-0: Ball
1-0: Ground out 4-3 (Groundball, 34, EV 107.5 MPH)
Chris Shell to second
Batting: LHB Juan Viveros 0-0: Foul Ball, location: 7LSFF
0-1: Ball
1-1: Foul Ball, location: 25FF
1-2: Foul Ball, location: 2F
1-2: Foul Ball, location: 23F
1-2: Ball
2-2: Strikes out looking
Top of the 2nd over - 0 runs, 1 hit, 0 errors, 1 left on base; Los Angeles 2 - Boston 1
BOTTOM OF THE 2ND
Boston Red Sox batting - Pitching for Los Angeles Angels : RHP Andy Schreck
Batting: RHB Yohann Gil 0-0: Foul Ball, location: 2F
0-1: Foul Ball, location: 9LSF
0-2: Ball
1-2: Ground out 6-3 (Groundball, 6, EV 88.1 MPH)
Batting: RHB David Andino 0-0: Ground out 6-3 (Groundball, 6M, EV 100.6 MPH)
Batting: RHB Joe Merrill 0-0: Called Strike
0-1: Ground out 6-3 (Groundball, 6S, EV 65.0 MPH)
Bottom of the 2nd over - 0 runs, 0 hits, 0 errors, 0 left on base; Los Angeles 2 - Boston 1
TOP OF THE 3RD
Los Angeles Angels batting - Pitching for Boston Red Sox : RHP Jong-in Choi
Batting: RHB Rodolfo Delgadillo 0-0: Ball
1-0: Foul Ball, location: 2F
1-1: Fly out, F8 (Flyball, 8RD, EV 105.0 MPH)
Batting: SHB Rich Magana 0-0: Ball
1-0: Ball
2-0: Foul Ball, location: 23FF
2-1: Foul Ball, location: 2F
2-2: Fly out, F9 (Flyball, 9S, EV 90.0 MPH)
Batting: LHB Rod Nelms 0-0: Ball
1-0: Swinging Strike
1-1: Called Strike
1-2: Fly out, F8 (Flyball, 8LD, EV 88.1 MPH)
Top of the 3rd over - 0 runs, 0 hits, 0 errors, 0 left on base; Los Angeles 2 - Boston 1
BOTTOM OF THE 3RD
Boston Red Sox batting - Pitching for Los Angeles Angels : RHP Andy Schreck
Batting: LHB Marcelo Mayer 0-0: Called Strike
0-1: Called Strike
0-2: Foul Ball, location: 2F
0-2: Foul Ball, location: 7LDF
0-2: Strikes out swinging
Batting: LHB Brendan Stogner 0-0: Ball
1-0: Ball
2-0: Ball
3-0: Called Strike
3-1: Ground out 2-3 (Groundball, 15S, EV 68.8 MPH)
Batting: RHB Ronald Acuna Jr. 0-0: Ball
1-0: Called Strike
1-1: Ball
2-1: Ball
3-1: Base on Balls
Batting: RHB Phil Lafnear 0-0: Called Strike
Ronald Acuna Jr. steals 2nd base
0-1: Ball
1-1: Foul Ball, location: 9LSF
1-2: Ball
2-2: Fly out, F3 (Line Drive, 3L, EV 72.5 MPH)
Bottom of the 3rd over - 0 runs, 0 hits, 0 errors, 1 left on base; Los Angeles 2 - Boston 1
TOP OF THE 4TH
Los Angeles Angels batting - Pitching for Boston Red Sox : RHP Jong-in Choi
Batting: RHB Don Battist 0-0: Fly out, F8 (Flyball, 8LXD, EV 95.0 MPH)
Batting: LHB Josh Johnson 0-0: Ground out 5-3 (Groundball, 56, EV 88.1 MPH)
Batting: RHB Jimmy Harden 0-0: Ball
1-0: Ball
2-0: Called Strike
2-1: Foul Ball, location: 2RF
2-2: Foul Ball, location: 2F
2-2: Foul Ball, location: 9LMF
2-2: Foul Ball, location: 2LF
2-2: Foul Ball, location: 2F
2-2: Ground out 5-3 (Groundball, 56, EV 78.8 MPH)
Top of the 4th over - 0 runs, 0 hits, 0 errors, 0 left on base; Los Angeles 2 - Boston 1
BOTTOM OF THE 4TH
Boston Red Sox batting - Pitching for Los Angeles Angels : RHP Andy Schreck
Batting: LHB Tim Long 0-0: Ground out 4-3 (Groundball, 34D, EV 100.6 MPH)
Batting: RHB Juan Burruel 0-0: Ball
1-0: Fly out, F3 (Popup, 34, EV 63.1 MPH)
Batting: RHB Yohann Gil 0-0: Foul Ball, location: 2F
0-1: Fly out, F9 (Flyball, 9D, EV 110.0 MPH)
Bottom of the 4th over - 0 runs, 0 hits, 0 errors, 0 left on base; Los Angeles 2 - Boston 1
TOP OF THE 5TH
Los Angeles Angels batting - Pitching for Boston Red Sox : RHP Jong-in Choi
Batting: RHB Chris Shell 0-0: Ball
1-0: Ball
2-0: SINGLE (Flyball, 8LS, EV 86.9 MPH)
Batting: RHB Drew Bianco 0-0: Called Strike
0-1: Ball
1-1: Foul Ball, location: 3DF
1-2: Ball
2-2: Ball
3-2: Base on Balls
Chris Shell to second
Batting: LHB Juan Viveros 0-0: Ball
1-0: Called Strike
1-1: Ball
2-1: Ball
3-1: Base on Balls
Chris Shell to third
Drew Bianco to second
Batting: RHB Rodolfo Delgadillo 0-0: SINGLE (Line Drive, 9S, EV 106.9 MPH)
Chris Shell scores
Drew Bianco to third
Juan Viveros to second
Batting: SHB Rich Magana 0-0: Foul Ball, location: 7LDF
0-1: Called Strike
0-2: Grounds into fielders choice 6-2 (Groundball, 4, EV 81.9 MPH)
Juan Viveros to third
Rodolfo Delgadillo to second
Pitching: LHP Josh Jarvis
Batting: LHB Rod Nelms 0-0: Called Strike
0-1: Ball
1-1: Ball
2-1: Ball
3-1: GRAND SLAM HOME RUN (Flyball, 8RXD, EV 113.1 MPH), Distance : 463 ft
Batting: RHB Don Battist 0-0: Called Strike
0-1: Foul Ball, location: 9LMF
0-2: Foul Ball, location: 2F
0-2: Ball
1-2: Fly out, F7 (Flyball, 7S, EV 85.6 MPH)
Batting: LHB Josh Johnson 0-0: Ball
1-0: Called Strike
1-1: Ball
2-1: Ball
3-1: Base on Balls
Batting: RHB Jimmy Harden 0-0: Ball
1-0: Called Strike
1-1: Fly out, F6 (Popup, 4S, EV 87.5 MPH)
Top of the 5th over - 5 runs, 3 hits, 0 errors, 1 left on base; Los Angeles 7 - Boston 1
BOTTOM OF THE 5TH
Boston Red Sox batting - Pitching for Los Angeles Angels : RHP Andy Schreck
Batting: RHB David Andino 0-0: Ball
1-0: Ball
2-0: Called Strike
2-1: Swinging Strike
2-2: Strikes out looking
Batting: RHB Joe Merrill 0-0: Ball
1-0: Called Strike
1-1: Ball
2-1: Called Strike
2-2: Ball
3-2: SINGLE (Line Drive, 56D, EV 96.9 MPH)
Batting: LHB Marcelo Mayer 0-0: Ball
1-0: Foul Ball, location: 2LF
1-1: Grounds into double play, 4-6-3 (Groundball, 34, EV 100.0 MPH)
Bottom of the 5th over - 0 runs, 1 hit, 0 errors, 0 left on base; Los Angeles 7 - Boston 1
TOP OF THE 6TH
Los Angeles Angels batting - Pitching for Boston Red Sox : LHP Josh Jarvis
Batting: RHB Chris Shell 0-0: Foul Ball, location: 25F
0-1: Called Strike
0-2: Strikes out swinging
Batting: RHB Drew Bianco 0-0: Called Strike
0-1: Ball
1-1: Foul Ball, location: 23FF
1-2: Foul Ball, location: 2F
1-2: Ball
2-2: Foul Ball, location: 3SF
2-2: Foul Ball, location: 9LSF
2-2: SINGLE (Groundball, 6D, EV 103.1 MPH)
Batting: LHB Juan Viveros 0-0: Called Strike
0-1: Ball
1-1: Swinging Strike
1-2: Ball
2-2: Foul Ball, location: 2F
2-2: Fly out, F7 (Flyball, 7D, EV 110.6 MPH)
Batting: RHB Rodolfo Delgadillo Balk!
Drew Bianco to second
0-0: Ball
1-0: Called Strike
1-1: Called Strike
1-2: Strikes out looking
Top of the 6th over - 0 runs, 1 hit, 0 errors, 1 left on base; Los Angeles 7 - Boston 1
BOTTOM OF THE 6TH
Boston Red Sox batting - Pitching for Los Angeles Angels : RHP Andy Schreck
Batting: LHB Brendan Stogner 0-0: Called Strike
0-1: Called Strike
0-2: Fly out, F8 (Flyball, 89D, EV 99.4 MPH)
Batting: RHB Ronald Acuna Jr. 0-0: Ball
1-0: Foul Ball, location: 5F
1-1: Ground out 5-3 (Groundball, 5D, EV 82.5 MPH)
Batting: RHB Phil Lafnear 0-0: SINGLE (Line Drive, 89S, EV 93.1 MPH)
Pitching: RHP Ferdinand Schleisher
Batting: LHB Tim Long 0-0: Called Strike
0-1: Ball
1-1: Called Strike
1-2: Ground out 5-3 (Groundball, 6S, EV 72.5 MPH)
Bottom of the 6th over - 0 runs, 1 hit, 0 errors, 1 left on base; Los Angeles 7 - Boston 1
TOP OF THE 7TH
Los Angeles Angels batting - Pitching for Boston Red Sox : LHP Josh Jarvis
Batting: SHB Rich Magana 0-0: Swinging Strike
0-1: Ball
1-1: Ball
2-1: Fly out, F9 (Flyball, 9LS, EV 88.1 MPH)
Pitching: LHP Tomas Carrasco
Batting: LHB Rod Nelms 0-0: Called Strike
0-1: Called Strike
0-2: Ball
1-2: DOUBLE (Groundball, 3L, EV 104.4 MPH)
Batting: RHB Don Battist 0-0: Fly out, F9 (Flyball, 9, EV 91.9 MPH)
Batting: LHB Josh Johnson 0-0: Foul Ball, location: 2LF
0-1: Foul Ball, location: 7LDF
0-2: Foul Ball, location: 2F
0-2: Ball
1-2: Ball
2-2: Fly out, F9 (Flyball, 9D, EV 106.3 MPH)
Top of the 7th over - 0 runs, 1 hit, 0 errors, 1 left on base; Los Angeles 7 - Boston 1
BOTTOM OF THE 7TH
Boston Red Sox batting - Pitching for Los Angeles Angels : RHP Ferdinand Schleisher
Batting: RHB Juan Burruel 0-0: Ball
1-0: Swinging Strike
1-1: Foul Ball, location: 2F
1-2: Ball
2-2: Ball
3-2: Base on Balls
Batting: RHB Yohann Gil 0-0: Ball
1-0: Ball
2-0: Ball
3-0: Base on Balls
Juan Burruel to second
Batting: RHB David Andino 0-0: Swinging Strike
0-1: Foul Ball, location: 9LSF
0-2: Strikes out swinging
Batting: RHB Joe Merrill 0-0: Ball
1-0: Fly out, F7 (Flyball, 78XD, EV 96.3 MPH)
Pitching: LHP Phil Nelson
Batting: LHB Marcelo Mayer 0-0: Ball
1-0: Called Strike
1-1: Called Strike
1-2: Ball
2-2: Strikes out swinging
Bottom of the 7th over - 0 runs, 0 hits, 0 errors, 2 left on base; Los Angeles 7 - Boston 1
TOP OF THE 8TH
Los Angeles Angels batting - Pitching for Boston Red Sox : LHP Tomas Carrasco
Pitching: RHP Irving Medina
Batting: RHB Jimmy Harden 0-0: Ball
1-0: Ground out 5-3 (Groundball, 56, EV 98.8 MPH)
Batting: RHB Chris Shell 0-0: Ball
1-0: Called Strike
1-1: Fly out, F7 (Line Drive, 7S, EV 91.9 MPH)
Batting: RHB Drew Bianco 0-0: Ball
1-0: Foul Ball, location: 2F
1-1: Ball
2-1: Swinging Strike
2-2: Strikes out swinging
Top of the 8th over - 0 runs, 0 hits, 0 errors, 0 left on base; Los Angeles 7 - Boston 1
BOTTOM OF THE 8TH
Boston Red Sox batting - Pitching for Los Angeles Angels : LHP Phil Nelson
Batting: LHB Brendan Stogner 0-0: Ball
1-0: Called Strike
1-1: Called Strike
1-2: Strikes out swinging
Batting: RHB Ronald Acuna Jr. 0-0: Called Strike
0-1: Foul Ball, location: 9LMF
0-2: Hit by Pitch
Batting: RHB Phil Lafnear 0-0: Called Strike
0-1: Foul Ball, location: 25FF
0-2: Strikes out swinging
Batting: LHB Tim Long 0-0: SINGLE (Line Drive, 8LS, EV 91.3 MPH)
Ronald Acuna Jr. to second
Runner from 2nd tries for 3rd, SAFE, throw by CF made to third
Batting: RHB Juan Burruel 0-0: Called Strike
0-1: Foul Ball, location: 2F
0-2: Foul Ball, location: 2F
0-2: Ball
1-2: Fly out, F8 (Flyball, 8LS, EV 83.8 MPH)
Bottom of the 8th over - 0 runs, 1 hit, 0 errors, 2 left on base; Los Angeles 7 - Boston 1
TOP OF THE 9TH
Los Angeles Angels batting - Pitching for Boston Red Sox : RHP Irving Medina
Pitching: RHP Joe Lance
Batting: LHB Juan Viveros 0-0: Foul Ball, location: 23F
0-1: Foul Ball, location: 5F
0-2: Foul Ball, location: 3SF
0-2: Ball
1-2: Strikes out swinging
Batting: RHB Rodolfo Delgadillo 0-0: Ball
1-0: Ball
2-0: Ground out 5-3 (Groundball, 56S, EV 70.0 MPH)
Batting: SHB Rich Magana 0-0: Ball
1-0: Called Strike
1-1: Fly out, F8 (Flyball, 8LM, EV 95.0 MPH)
Top of the 9th over - 0 runs, 0 hits, 0 errors, 0 left on base; Los Angeles 7 - Boston 1
BOTTOM OF THE 9TH
Boston Red Sox batting - Pitching for Los Angeles Angels : LHP Phil Nelson
Pitching: RHP Jayden Jackson
Batting: RHB Yohann Gil 0-0: Ball
1-0: Reached via error on a dropped throw from 1B, E1 (Groundball, 34S, EV 81.3 MPH)
Batting: RHB David Andino 0-0: Ball
1-0: Called Strike
1-1: Ball
2-1: Foul Ball, location: 9LDF
2-2: Strikes out swinging
Pinch Hitting: RHB Kevin Keller 0-0: Called Strike
0-1: Called Strike
0-2: Strikes out swinging
Batting: LHB Marcelo Mayer 0-0: Fielders Choice at 2nd, 6-5 (Groundball, 6M, EV 101.9 MPH)
Bottom of the 9th over - 0 runs, 0 hits, 1 error, 1 left on base; Los Angeles 7 - Boston 1
Thursday, March 28th , 2024 - OOTP Baseball 24.10 Build 82